 Dungeon Crawl Stone Soup version 0.27-a0-1144-g0b7d3b79db (webtiles) character file.

Game seed: 9598548285789925610

163 jien the Covered (level 5, -9/33 HPs)
             Began as a Gargoyle Fighter on May 10, 2021.
             Killed by divine providence
             ... invoked by an orc priest
              (13 damage)
             ... on level 4 of the Dungeon.
             The game lasted 00:04:39 (3219 turns).

jien the Covered (Gargoyle Fighter)                 Turns: 3219, Time: 00:04:40

Health: -9/33      AC: 17    Str: 21    XL:     5   Next: 44%
Magic:  5/5        EV:  7    Int:  8    God:
Gold:   130        SH:  9    Dex:  9    Spells: 4/4 levels left

rFire    . . .     SeeInvis .   a - +0 war axe
rCold    . . .     Faith    .   c - +0 kite shield
rNeg     + . .     Spirit   .   b - +0 scale mail
rPois    ∞         Reflect  .   q - +0 helmet
rElec    +         Harm     .   h - +0 cloak
rCorr    .         Rampage  .   i - +2 pair of gloves
Will     .....                  w - +0 pair of boots
Stlth    ..........             (no amulet)
HPRegen  0.11/turn              m - ring of flight
MPRegen  0.09/turn              (no ring)

@: flying
A: sickness immunity, AC +4, negative energy resistance 1, electricity
resistance, torment resistance 1, petrification resistance
a: no special abilities


You were on level 4 of the Dungeon.
You visited 1 branch of the dungeon, and saw 4 of its levels.

You collected 130 gold pieces.

Inventory:

Hand Weapons
 a - a +0 war axe (weapon)
Armour
 b - a +0 scale mail (worn)
 c - a +0 kite shield (worn)
 h - a +0 cloak (worn)
 i - a +2 pair of gloves (worn)
 q - a +0 helmet (worn)
 w - a +0 pair of boots (worn)
Jewellery
 m - a ring of flight (left hand)
Scrolls
 f - a scroll of magic mapping {unknown}
 g - 2 scrolls of identify {unknown}
 j - 2 scrolls of enchant weapon {unknown}
 l - 5 scrolls of teleportation
 n - a scroll of fear {unknown}
 o - a scroll of holy word {unknown}
 p - a scroll of vulnerability {unknown}
 t - a scroll of immolation {unknown}
 v - a scroll of enchant armour {unknown}
Potions
 d - a potion of might
 e - 4 potions of haste {unknown}
 k - 2 potions of curing {unknown}
 r - a potion of attraction {unknown}
 s - a potion of invisibility {unknown}
 u - a potion of berserk rage {unknown}
 x - a potion of resistance {unknown}


   Skills:
 + Level 3.8 Fighting
 * Level 3.7 Axes
 + Level 4.0 Armour
 + Level 0.4 Dodging
 + Level 4.0 Shields


You had 4 spell levels left.
You didn't know any spells.
Your spell library contained the following spells:

 Spells                   Type           Power      Damage    Failure   Level
 Magic Dart               Conj           0%         1d3       99%         1
 Summon Small Mammal      Summ           0%         N/A       99%         1
 Blink                    Tloc           N/A        N/A       100%        2
 Call Imp                 Summ           0%         N/A       100%        2
 Slow                     Hex            0%         N/A       100%        2
 Call Canine Familiar     Summ           0%         N/A       100%        3
 Confusing Touch          Hex            0%         N/A       100%        3
 Conjure Flame            Conj/Fire      0%         6-21      100%        3
 Gell's Gravitas          Tloc           0%         N/A       100%        3
 Mephitic Cloud           Conj/Pois/Air  0%         N/A       100%        3
 Summon Guardian Golem    Hex/Summ       0%         N/A       100%        3
 Petrify                  Tmut/Erth      0%         N/A       100%        4
 Summon Ice Beast         Ice/Summ       0%         N/A       100%        4
 Summon Lightning Spire   Summ/Air       0%         N/A       100%        4
 Metabolic Englaciation   Hex/Ice        0%         N/A       100%        5
 Yara's Violent Unravell  Hex/Tmut       0%         3d3       100%        5


Dungeon Overview and Level Annotations

Branches:
Dungeon (4/15)
 Temple: D:4-7

Altars:
Ashenzari

Shops:
D:2 [


Innate Abilities, Weirdness & Mutations

You are immune to sickness and miasma.
Your stone body is resilient. (AC +4)
You are immune to poison.
You resist negative energy. (rN+)
You are resistant to electric shocks. (rElec)
You are resistant to unholy torment.
You are immune to petrification.


Message History

You barely resist. You closely miss the orc priest.
Your shield and scale mail prevent you from hitting the orc.
You closely miss the orc priest. You closely miss the orc.
You block the orc's attack.
The orc priest invokes the aid of Beogh against you.
Pain shoots through your body! The orc hits you with a +0 club.
The orc priest hits you but does no damage.
The orc hits you with a +1 dagger of draining.
You block the orc priest's attack. The orc barely misses you.
You are too injured to fight recklessly!
You are too injured to fight recklessly!
Unknown command.
You are too injured to fight recklessly!
Unknown command.
You are too injured to fight recklessly!
Unknown command.
You are too injured to fight recklessly!
You hit the orc priest.
The orc priest is lightly wounded.
You barely miss the orc.
You hit the orc priest but do no damage.
You hit the orc.
The orc priest invokes the aid of Beogh against you.
Beogh smites you!
* * * LOW HITPOINT WARNING * * *
The orc hits you but does no damage.
The orc priest hits you but does no damage.
The orc hits you but does no damage.
The orc priest hits you but does no damage.
The orc closely misses you.
The orc priest hits you but does no damage.
The orc throws a stone.
The stone hits you but does no damage.
The orc priest looks satisfied for a moment.
You reach down and open the door.
The orc priest looks encouraged for a moment.
You block the kobold's attack.
The orc priest calls down the wrath of Beogh upon you.
Beogh smites you!
You die...

......##[##...............
......# ..#.............#
......# #.+.............#
......# #.#.....oo..Z...#
#########..#....o##l.....#
#......##..#.#.#o# ZO....#
#.####.##....#.#K# ......#
...###.###.#.#.#.# ......#
#....#.......#.#@# ......#
......###.#..#...........#
...#..# #......[.........#
...#..###...>...........
...#....#...............
....).#.#.#.............
....#.#.#.#.##..........
....###.#.#.##..........
........#.#.# ..


You could see 2 orc priests, 2 orcs and a kobold.

Vanquished Creatures
  An orc priest (D:4)
  An orc wizard (D:3)
  An adder (D:2)
  An adder skeleton (D:4)
  A worm (D:2)
  3 dart slugs
  4 orcs
  5 ball pythons
  5 bats
  6 endoplasms
  15 giant cockroaches
  3 goblins
  4 hobgoblins
  4 jackals (D:1)
  2 kobolds
  6 quokkas
  8 frilled lizards
  4 rats
74 creatures vanquished.

Vanquished Creatures (others)
  A plant (D:1)
1 creature vanquished.

Grand Total: 75 creatures vanquished

Notes
Turn   | Place    | Note
-------+----------+-------------------------------------------
     0 | D:1      | jien the Gargoyle Fighter began the quest for the Orb.
     0 | D:1      | Reached XP level 1. HP: 14/14 MP: 1/1
   292 | D:1      | Reached XP level 2. HP: 19/19 MP: 2/2
   613 | D:1      | Found a faded altar of an unknown god.
   667 | D:1      | Reached XP level 3. HP: 21/23 MP: 3/3
  1988 | D:2      | Reached XP level 4. HP: 29/29 MP: 4/4
  2204 | D:2      | Found Jadgheg's Antique Armour Emporium.
  2569 | D:3      | Found a broken altar of Ashenzari.
  2900 | D:3      | Reached XP level 5. HP: 31/33 MP: 5/5
  3209 | D:4      | Noticed an ogre
  3219 | D:4      | Killed from afar by an orc priest

Illustrated notes

Levels and vault maps discovered:
D:1:      sevenhm_arrival_forest_fort_large_4, layout_rooms,
          basic_ecumenical_altar
D:2:      layout_basic, serial_shops, shop
D:3:      minmay_roachtagon, layout_basic, general_overflow_altar
D:4:      layout_basic

Skill      XL: |  1  2  3  4  5 |
---------------+----------------+-----
Axes           | 2 3 |  3.7
Armour         | 4 |  4.0
Shields        | 4 |  4.0
Fighting       | |  3.8
Dodging        | |  0.4

Action                   |  1- 3 |  4- 6 || total
-------------------------+-------+-------++-------
Melee: War axe           |   104 |    97 ||   201
  Use: Scroll            |       |     1 ||     1
Armor: Scale mail        |    56 |    88 ||   144
Dodge: Dodged            |    37 |    48 ||    85
Block: Kite shield       |    51 |    74 ||   125

Table legend: (Time is in decaauts)
 A = Elapsed time spent in this place.
 B = Non-inter-level travel time spent in this place.
 C = Inter-level travel time spent in this place.
 D = Time resting spent in this place.
 E = Time spent auto-exploring this place.
 F = Levels seen in this place.
 G = Mean time per level.
                   A        B        C        D        E       F      G
               +--------+--------+--------+--------+--------+-----+--------+
         Total |   3339 |   3268 |     71 |      0 |   2729 |   4 |  834.8 |
       Dungeon |   3339 |   3268 |     71 |      0 |   2729 |   4 |  834.8 |
               +--------+--------+--------+--------+--------+-----+--------+

Top non-repeatable levels by time:
     D:1: 1281 daAuts
     D:2: 1246 daAuts
     D:3: 544 daAuts
     D:4: 266 daAuts
